 Dungeon Crawl Stone Soup version 0.29-a0-824-gd827844252 (webtiles) character file.

Game seed: 8724206175096802532

47 jimonade the Covered (level 3, 0/23 HPs)
             Began as a Gargoyle Fighter on July 9, 2022.
             Slain by an orc
             ... wielding a +0 flail
              (3 damage)
             ... on level 3 of the Dungeon.
             The game lasted 00:05:06 (2487 turns).

jimonade the Covered (Gargoyle Fighter)             Turns: 2487, Time: 00:05:07

Health: 0/23       AC: 10    Str: 19    XL:     3   Next: 70%
Magic:  4/4        EV:  9    Int: 10    God:
Gold:   127        SH:  0    Dex:  9    Spells: 4/4 levels left

rFire   . . .      SeeInvis .   a - +0 flail
rCold   . . .      Faith    .   y - orb {mayhem}
rNeg    + . .      Spirit   .   b - +0 scale mail
rPois   ∞          Reflect  .   (no helmet)
rElec   +          Harm     .   (no cloak)
rCorr   .          Rampage  .   (no gloves)
Will    .....                   (no boots)
Stlth   ..........              (no amulet)
HPRegen 0.07/turn               (no ring)
MPRegen 0.09/turn               (no ring)

@: no status effects
A: sickness immunity, AC +3, negative energy resistance 1, electricity
resistance, torment resistance 1, petrification resistance
a: no special abilities


You were on level 3 of the Dungeon.
You visited 1 branch of the dungeon, and saw 4 of its levels.

You collected 127 gold pieces.

Inventory:

Hand Weapons
 a - a +0 flail (weapon)
 l - a +0 dagger
 p - a +2 dagger of venom
 w - a +0 spear
Missiles
 f - 3 poisoned darts (quivered)
 h - 34 stones
 v - 2 throwing nets
Armour
 b - a +0 scale mail (worn)
 c - a +0 buckler
 i - a +0 ring mail
 y - an orb of mayhem (worn)
Magical Staves
 q - a staff of cold
Wands
 x - a wand of flame (26)
Scrolls
 e - a scroll of enchant weapon {unknown}
 j - a scroll of teleportation {unknown}
 n - a scroll of fog {unknown}
 o - a scroll of noise {unknown}
 r - 3 scrolls of identify {unknown}
 s - a scroll of enchant armour {unknown}
 u - a scroll of fear {unknown}
Potions
 d - a potion of might
 g - 3 potions of haste {unknown}
 k - a potion of magic {unknown}
 m - a potion of curing {unknown}
 t - a potion of heal wounds {unknown}


   Skills:
 + Level 3.6 Fighting
 + Level 2.5 Maces & Flails
 + Level 3.8 Armour
 + Level 3.5 Shields
 * Level 1.1 Spellcasting


You had 4 spell levels left.
You didn't know any spells.
Your spell library contained the following spells:

 Spells                   Type           Power      Damage    Failure   Level
 Freeze                   Ice            0%         1d3       69%         1
 Frozen Ramparts          Ice            0%         1d2       96%         3
 Hailstorm                Conj/Ice       0%         3d3       100%        4
 Summon Lightning Spire   Summ/Air       0%         N/A       100%        4
 Storm Form               Tmut/Air       0%         N/A       100%        7
 Maxwell's Capacitive Co  Air            0%         ∞         100%        8


Dungeon Overview and Level Annotations

Branches:
Dungeon (4/15)
 Temple: D:4-7

Altars:


Innate Abilities, Weirdness & Mutations

You are immune to sickness and miasma.
Your stone body is resilient. (AC +3)
You are immune to poison.
You resist negative energy. (rN+)
You are resistant to electric shocks. (rElec)
You are resistant to unholy torment.
You are immune to petrification.


Message History

You barely miss the orc. The orc hits you with a +0 hand axe.
The orc closely misses the orc.
The orc hits the orc with a +0 flail!
The orc dies!
You hear a shout!
The orc barely misses the orc.
The orc hits the orc with a +0 short sword.
The orc barely misses the orc.
The orc hits the orc with a +0 flail!
The orc dies!
The orc shouts!
There is a stone staircase leading down here.
The orc shouts!
You climb downwards.
The goblin shouts!
The gnoll shouts!
You hear a bark!
Found 3 gold pieces and a twisted glowing staff.
There is a stone staircase leading up here.
You barely miss the goblin. The goblin completely misses you.
You hit the goblin but do no damage. The goblin hits you but does no damage.
You barely miss the goblin. The goblin barely misses you.
You barely miss the goblin.
A hound comes into view.
The goblin hits you with a +0 club. The gnoll closely misses you.
The goblin hits you with a +0 club.
A gnoll sergeant comes into view. It is wielding a +0 trident.
The gnoll sergeant shouts!
The gnoll hits you from afar with a +0 halberd!
* * * LOW HITPOINT WARNING * * *
The goblin hits you but does no damage.
You climb upwards.
The orc hits the goblin with a +0 flail!
The goblin dies!
There is a stone staircase leading down here.
You hit the orc.
The orc is almost dead.
The orc hits you with a +0 flail.
* * * LOW HITPOINT WARNING * * *
The orc hits you but does no damage.
You closely miss the orc.
The orc is almost dead.
The orc hits you with a +0 flail.
You die...

#.# ..# #.# #.#
#.# #.#
###########.###
...)).[.....o@#
########.##.####
#.......#
####.##.###
#.#....#
#.#....#
#......#
#...##.#
#...##.#


You could see a neutral orc (fast, strong, insane).

Vanquished Creatures
  An adder (D:3)
  4 endoplasms
  5 hobgoblins (D:1)
  5 kobolds
  3 ball pythons
  A bat (D:1)
  5 frilled lizards (D:1)
  4 goblins
  A rat (D:1)
29 creatures vanquished.

Vanquished Creatures (collateral kills)
  3 orcs (D:3)
  A goblin (D:3)
4 creatures vanquished.

Vanquished Creatures (others)
  2 plants (D:3)
2 creatures vanquished.

Grand Total: 35 creatures vanquished

Notes
Turn   | Place    | Note
-------+----------+-------------------------------------------
     0 | D:1      | jimonade the Gargoyle Fighter began the quest for the Orb.
     0 | D:1      | Reached XP level 1. HP: 14/14 MP: 1/1
   227 | D:1      | Reached XP level 2. HP: 19/19 MP: 2/2
   575 | D:1      | Found a faded altar of an unknown god.
  1136 | D:1      | Reached XP level 3. HP: 22/23 MP: 4/4
  1313 | D:2      | Reached skill level 1 in Spellcasting
  2483 | D:4      | Noticed a gnoll sergeant
  2487 | D:3      | Slain by an orc

Illustrated notes

Levels and vault maps discovered:
D:1:      tarquinn_simple_flora_water_c, layout_loops_corners,
          chequers_ecumenical_altar_twisty,
          nicolae_concentric_dashed_squares_mild, minmay_hexomino_p4
D:2:      layout_loops_ring, nicolae_elevator_lobby_plus
D:3:      layout_basic, mainiacjoe_overflow_concentric_impassable,
          nicolae_hepliaklqana_hazy_memory
D:4:      minmay_evil_eye, layout_gridville, temple_statues

Skill      XL: |  1  2  3 |
---------------+----------+-----
Spellcasting   | 1 |  1.1
Fighting       | |  3.6
Maces & Flails | |  2.5
Armour         | |  3.8
Shields        | |  3.5

Action                   || total
-------------------------++-------
Melee: Flail             ||   106
Armor: Scale mail        ||    49
Dodge: Dodged            ||    42
Block: Buckler           ||    10

Table legend: (Time is in decaauts)
 A = Elapsed time spent in this place.
 B = Non-inter-level travel time spent in this place.
 C = Inter-level travel time spent in this place.
 D = Time resting spent in this place.
 E = Time spent auto-exploring this place.
 F = Levels seen in this place.
 G = Mean time per level.
                   A        B        C        D        E       F      G
               +--------+--------+--------+--------+--------+-----+--------+
         Total |   2521 |   2384 |    137 |      0 |   1995 |   4 |  630.2 |
       Dungeon |   2521 |   2384 |    137 |      0 |   1995 |   4 |  630.2 |
               +--------+--------+--------+--------+--------+-----+--------+

Top non-repeatable levels by time:
     D:1: 1315 daAuts
     D:2: 1002 daAuts
     D:3: 196 daAuts
     D:4: 7 daAuts
